 Dungeon Crawl Stone Soup version 0.31-a0-344-gd109795599 (webtiles) character file.

Game seed: 3696547280135735192

4 freelancePsychic the Slasher (level 1, 0/17 HPs)
             Began as a Demigod Gladiator on July 21, 2023.
             Slain by a jackal (2 damage)
             ... on level 1 of the Dungeon.
             The game lasted 00:00:22 (55 turns).

freelancePsychic the Slasher (Demigod Gladiator)      Turns: 55, Time: 00:00:22

Health: 0/17       AC:  4    Str: 15    XL:     1   Next: 40%
Magic:  3/3        EV: 12    Int: 10    God:
Gold:   7          SH:  0    Dex: 15    Spells: 0/0 levels left

rFire   . . .        a - +0 long sword
rCold   . . .        (no shield)
rNeg    . . .        b - +0 leather armour
rPois   .            c - +0 helmet
rElec   .            (no cloak)
rCorr   .            (no gloves)
SInv    .            (no boots)
Will    .....        (no amulet)
Stlth   +            (no ring)
HPRegen 0.22/turn    (no ring)
MPRegen 0.08/turn

%: no passive effects
@: no status effects
A: high MP 1, forlorn, divine attributes
a: no special abilities


You were on level 1 of the Dungeon.
You visited 1 branch of the dungeon, and saw 1 of its levels.

You collected 7 gold pieces.

Inventory:

Hand Weapons
 a - a +0 long sword (weapon)
Missiles
 d - 3 throwing nets (quivered)
 e - a javelin
Armour
 b - a +0 leather armour (worn)
 c - a +0 helmet (worn)
Scrolls
 f - a scroll of noise {unknown}


   Skills:
 + Level 2.0 Fighting
 + Level 2.8 Long Blades
 - Level 1.7 Throwing
 - Level 2.6 Dodging


You couldn't memorise any spells.
You didn't know any spells.
Your spell library was empty.

Dungeon Overview and Level Annotations

Branches:
Dungeon (1/15)


Innate Abilities, Weirdness & Mutations

You have an increased reservoir of magic. (+10% MP)
You shall have no god before yourself.
Your divine heritage dramatically boosts your attributes as you level up.


Message History

The jackal bites you.
Your Fighting skill increases to level 2!
You miss the bat. The bat hits you but does no damage.
The jackal barely misses you. The bat barely misses you.
The jackal bites you but does no damage.
The jackal completely misses you.
You closely miss the bat. The bat barely misses you.
The bat closely misses you. The jackal closely misses you.
The jackal misses you.
The jackal bites you but does no damage. x2
The jackal closely misses you. The jackal misses you.
The jackal attacks as you move away! The jackal barely misses you.
The bat hits you. The bat closely misses you.
You closely miss the bat. The bat hits you.
The jackal bites you but does no damage.
The jackal completely misses you. The jackal barely misses you.
The jackal bites you.
You hit the jackal.
The jackal is severely wounded.
The bat closely misses you. The jackal bites you.
* * * LOW HITPOINT WARNING * * *
The jackal barely misses you. The jackal bites you.
* * * LOW HITPOINT WARNING * * *
The jackal bites you.
* * * LOW HITPOINT WARNING * * *
You aren't carrying any potions.
You hit the jackal but do no damage.
The jackal is severely wounded.
The bat hits you but does no damage. The bat closely misses you.
The ball python closely misses you. x2; The jackal bites you.
* * * LOW HITPOINT WARNING * * *
The jackal closely misses you. The bat closely misses you.
The jackal bites you.
* * * LOW HITPOINT WARNING * * *
The ball python barely misses you. The ball python closely misses you.
You barely miss the jackal.
The jackal is severely wounded.
The bat barely misses you. The jackal bites you.
You die...

≈§§.....§≈≈≈≈# .#
....~~~....§≈# #.# .
..~~~.~~~..§≈####.. ..
.~~..<.~~~.§§..#.. ..#
§.~~~.~~~.§§§#...# ..#
.§..~~~....≈§###.##...#
≈§§§§...≈≈§≈≈##.hr....#
≈§≈≈≈.§§§≈≈§≈#)hh#..#...
#####.########.#@#..#
#####.#####....Sb# .#
........##..####....#
###........## ##...#
#.....#### ..##
...........).. ....
###........... #.###
#........... .#
#...........


You could see 3 jackals, a bat, a ball python and a rat.

Vanquished Creatures
  A dart slug (D:1)
  A jackal (D:1)
2 creatures vanquished.

Notes
Turn   | Place    | Note
-------+----------+-------------------------------------------
     0 | D:1      | freelancePsychic the Demigod Gladiator began the quest for
                  | the Orb.
     0 | D:1      | Reached XP level 1. HP: 17/17 MP: 3/3
    55 | D:1      | Slain by a jackal

Illustrated notes

Levels and vault maps discovered:
D:1:      dpeg_arrival_shrine, layout_rooms, basic_ecumenical_altar,
          nicolae_concentric_dashed_squares_mild

Skill      XL: |  1 |
---------------+----+-----
Fighting       | 2 |  2.0
Long Blades    | |  2.8
Throwing       | |  1.7
Dodging        | |  2.6

Action                     || total
---------------------------++-------
  Melee: Long sword        ||    18
 Armour: Leather armour    ||    17
  Dodge: Dodged            ||    42

Table legend: (Time is in decaauts)
 A = Elapsed time spent in this place.
 B = Non-inter-level travel time spent in this place.
 C = Inter-level travel time spent in this place.
 D = Time resting spent in this place.
 E = Time spent auto-exploring this place.
 F = Levels seen in this place.
 G = Mean time per level.
                   A        B        C        D        E       F      G
               +--------+--------+--------+--------+--------+-----+--------+
         Total |     60 |     60 |      0 |      0 |     23 |   1 |   60.0 |
       Dungeon |     60 |     60 |      0 |      0 |     23 |   1 |   60.0 |
               +--------+--------+--------+--------+--------+-----+--------+

Top non-repeatable levels by time:
     D:1: 60 daAuts
